Map: Sanctuary III LE

Players

Hardvision

  • Race: Terran Terran
  • League: Grandmaster
  • Spawn Location: 1:00

A.I. 2 (Elite) - Winner!

  • Race: Zerg Zerg
  • Spawn Location: 7:00

VOD

Have the link to the VOD?

Description

Time

  • Played on: July 9, 2026, 10:44 a.m.
  • Length: 8:41
Show
View Real Time Build Order
Export as new Build Order

Hardvision Terran 

Build Orders: 2 Factory, Reaper Expand, Mech 

Get SALT Encoding   

  8  0:00  SCV  
  9  0:12  SCV  
  10  0:24  SCV  
  11  0:36  SCV  
  11  0:39  Supply Depot  
  12  0:49  SCV  
  13  1:01  SCV  
  13  1:02  Barracks  
  14  1:06  Refinery  
  14  1:13  SCV  
  15  1:25  SCV  
  16  1:37  SCV  
  17  1:50  Reaper, Orbital Command  
  18  2:09  Command Center  
  18  2:16  SCV  
  18  2:21  Supply Depot  
  19  2:25  Marine  
  19  2:29  SCV  
  21  2:42  SCV  
  22  2:45  Factory  
  22  2:46  Barracks Reactor  
  22  2:55  SCV  
  23  2:58  Refinery  
  24  3:12  SCV  
  24  3:24  Factory  
  24  3:25  SCV  
  25  3:37  SCV  
  25  3:38  Orbital Command  
  25  3:39  Barracks Tech Lab  
  25  3:40  Hellion  
  25  3:41  Hellion  
  30  3:49  SCV  
  31  3:59  Supply Depot  
  31  4:01  SCV  
  34  4:03  Hellion x2  
  34  4:05  SCV  
  37  4:13  SCV  
  37  4:15  Infernal Pre-Igniter, Hellion  
  40  4:17  Marine  
  40  4:19  SCV  
  42  4:25  SCV  
  42  4:27  Hellion x2  
  42  4:31  Supply Depot  
  47  4:33  Supply Depot  
  47  4:34  SCV  
  47  4:38  SCV  
  49  4:46  SCV  
  52  4:53  Hellion  
  52  4:54  Factory  
  52  4:55  Supply Depot  
  52  4:56  SCV  
  52  4:59  Hellion x2  
  57  5:01  SCV  
  57  5:05  Barracks Tech Lab  
  58  5:17  SCV x2  
  58  5:21  Supply Depot  
  60  5:26  Hellion x2  
  67  5:29  SCV  
  67  5:30  SCV  
  67  5:33  Mag-Field Accelerator  
  67  5:34  Cyclone  
  69  5:43  SCV  
  66  5:54  Hellion x2  
  66  5:56  Command Center  
  64  5:59  SCV  
  63  6:11  Siege Tank x2  
  66  6:12  SCV  
  61  6:19  Hellion x2  
  61  6:22  SCV  
  61  6:24  Refinery, SCV  
  61  6:25  Refinery  
  67  6:33  Armory  
  67  6:34  SCV  
  67  6:35  Engineering Bay  
  67  6:37  SCV  
  69  6:46  SCV  
  70  6:47  Supply Depot  
  70  6:48  Supply Depot  
  70  6:49  SCV  
  71  6:57  Siege Tank x2  
  71  7:00  SCV  
  71  7:01  SCV  
  79  7:10  Orbital Command  
  79  7:12  SCV, Factory  
  79  7:14  Factory  
  79  7:15  Missile Turret  
  80  7:18  Missile Turret  
  80  7:24  Widow Mine x2  
  80  7:26  Missile Turret  
  84  7:32  Orbital Command  
  84  7:34  Siege Tank x2  
  90  7:40  SCV x2  
  92  7:49  Hellion x2  
  96  7:52  SCV x2  
  96  7:53  Supply Depot  
  96  7:56  Supply Depot  
  98  7:59  Missile Turret  
  98  8:04  SCV x2  
  100  8:06  SCV  
  100  8:07  Factory Tech Lab, Factory Reactor  
  100  8:10  Hellion  
  100  8:11  Hellion  
  111  8:15  Refinery  
  111  8:16  Refinery, SCV x2  
  111  8:18  SCV  
  111  8:19  Supply Depot  
  114  8:22  Supply Depot  
  114  8:28  SCV x2  
  114  8:29  Armory  
Show
View Real Time Build Order
Export as new Build Order

A.I. 2 (Elite) Zerg - Winner!

Build Orders: Pool First 

Get SALT Encoding   

  8  0:00  Drone  
  9  0:11  Drone  
  10  0:16  Drone  
  11  0:22  Drone  
  12  0:34  Overlord  
  12  0:52  Drone x3  
  15  1:02  Drone  
  16  1:11  Spawning Pool  
  15  1:13  Drone  
  16  1:21  Drone  
  17  1:40  Hatchery  
  17  1:43  Drone  
  17  1:46  Extractor  
  16  1:49  Drone  
  16  1:52  Extractor  
  16  1:56  Drone  
  17  2:01  Drone  
  18  2:11  Drone  
  19  2:21  Overlord  
  19  2:38  Queen  
  19  2:39  Zergling x2  
  19  2:41  Drone  
  23  2:50  Overlord  
  23  2:57  Drone  
  23  3:04  Zergling x2  
  23  3:18  Queen  
  25  3:21  Drone  
  25  3:25  Drone  
  27  3:29  Drone  
  27  3:32  Drone  
  29  3:46  Roach Warren  
  29  3:47  Drone  
  29  3:51  Drone  
  29  3:55  Zergling x2  
  31  3:58  Zergling x2  
  31  4:02  Drone  
  33  4:05  Drone  
  34  4:27  Roach  
  34  4:28  Roach x2  
  39  4:32  Lair  
  39  4:37  Overlord  
  39  4:42  Overlord  
  39  4:55  Zergling x8, Roach, Drone  
  39  4:56  Drone  
  47  5:00  Drone  
  47  5:01  Drone  
  47  5:05  Roach  
  51  5:10  Overlord  
  51  5:14  Roach  
  53  5:29  Drone x2  
  53  5:31  Overlord  
  53  5:33  Hydralisk Den  
  53  5:34  Drone  
  55  5:36  Drone  
  55  5:38  Drone  
  55  5:40  Drone  
  56  5:43  Drone  
  56  5:44  Drone  
  56  5:47  Zergling x2  
  56  5:49  Zergling x2  
  56  5:51  Drone  
  56  5:54  Drone  
  53  5:57  Drone  
  53  6:01  Drone  
  51  6:05  Hydralisk, Drone  
  46  6:14  Drone  
  46  6:16  Zergling x2  
  42  6:22  Hydralisk  
  44  6:26  Drone  
  44  6:29  Drone  
  46  6:33  Drone  
  46  6:37  Drone  
  48  6:40  Drone  
  48  6:44  Drone  
  50  6:47  Drone  
  50  6:51  Drone  
  50  6:52  Drone  
  53  6:54  Drone  
  53  6:58  Drone  
  53  7:01  Drone  
  55  7:03  Drone  
  55  7:06  Drone  
  55  7:08  Drone  
  58  7:10  Drone  
  58  7:12  Drone  
  58  7:14  Drone  
  61  7:16  Drone  
  61  7:19  Drone  
  61  7:21  Drone  
  64  7:24  Overlord  
  64  7:26  Drone  
  64  7:29  Drone  
  66  7:30  Drone  
  66  7:35  Drone  
  66  7:36  Drone, Overseer  
  69  7:37  Drone  
  69  7:43  Infestation Pit  
  69  7:46  Overlord  
  69  7:48  Drone  
  69  7:50  Roach  
  72  7:52  Roach  
  72  7:54  Roach  
  76  8:04  Overlord, Roach  
  78  8:09  Zergling x2  
  78  8:10  Ravager, Evolution Chamber  
  78  8:12  Drone  
  80  8:14  Roach  
  80  8:17  Ravager  
  80  8:19  Evolution Chamber  
  82  8:20  Hatchery  
  83  8:27  Drone  
Tags
 
Add a new tag
Caveats
  • Supply blocks, unpowered buildings, or Contaminate may cause inaccurate times.
  • Supply counts are checked every 10 seconds.